 Dungeon Crawl Stone Soup version 0.16.0-8-gd9ae3a8 (webtiles) character file.

765 hulla the Changer (level 7, 0/51 HPs)
             Began as an Octopode Transmuter on Mar 16, 2015.
             Slain by an ogre
             ... wielding a +0 giant club
              (27 damage)
             ... on level 5 of the Dungeon.
             The game lasted 00:49:22 (5715 turns).

hulla the Changer (Octopode Transmuter)             Turns: 5715, Time: 00:49:22

Health: 0/51       AC:  6    Str: 10    XL:     7   Next: 81%
Magic:  10/12      EV: 10    Int: 17    God:
Gold:   253        SH:  0    Dex: 12    Spells: 3 memorised, 2 levels left

rFire  x . .     SeeInvis .     J - melded +1 dagger (venom)
rCold  + + +     Clarity  .     (shield currently unavailable)
rNeg   . . .     SustAb   .     (helmet currently unavailable)
rPois  +         Gourm    .     (no amulet)
rElec  .         Spirit   .     (no ring)
rCorr  .         Warding  .     (no ring)
rMut   .         Stasis   .     (no ring)
MR     .....                    (no ring)
Stlth  +.........               (no ring)
                                (no ring)
                                (no ring)
                                (no ring)

@: ice-form, not resistant to hostile enchantments, very unstealthy
A: almost no armour, amphibious, 8 rings, (constrict 8), (camouflage 0),
(gelatinous body 0)
a: End Transformation


You were on level 5 of the Dungeon.
You were hungry.
You were a creature of crystalline ice.
You visited 1 branch of the dungeon, and saw 5 of its levels.
You also visited: Sewer.

You collected 253 gold pieces.

Inventory:

Hand weapons
 j - a +0 whip of venom
 l - a +0 dagger
 v - a +0 blowgun
 C - a +0 hand crossbow
 G - a +0 trident
 J - a +1 dagger of venom (melded)
 M - a +0 hunting sling
Missiles
 b - 94 arrows
 e - 156 stones (quivered)
 z - 13 poisoned needles
 D - 8 bolts
Armour
 r - a +0 buckler
Scrolls
 c - 3 scrolls of identify
 h - 3 scrolls of blinking
 m - 2 scrolls of recharging {unknown}
 n - 4 scrolls of magic mapping
 u - a scroll of enchant weapon {unknown}
 x - a scroll of amnesia {unknown}
 y - a scroll of teleportation {unknown}
 B - a scroll of fear {unknown}
 F - a scroll of remove curse
 I - a scroll of enchant armour {unknown}
Potions
 f - 3 potions of curing {unknown}
 g - a potion of resistance {unknown}
 i - 2 potions of magic {unknown}
 k - 2 potions of agility {unknown}
 o - a potion of invisibility {unknown}
 q - a potion of might {unknown}
 s - 3 potions of heal wounds
 t - 2 potions of brilliance {unknown}
 K - 2 potions of ambrosia
 N - a potion of berserk rage {unknown}
Books
 d - a book of Changes

   Spells                             Type                      Level
   a - Beastly Appendage              Transmutation                1
   b - Sticks to Snakes               Transmutation                2
   c - Spider Form                    Transmutation/Poison         3
   d - Ice Form                       Ice/Transmutation            4
   e - Blade Hands                    Transmutation                5
Comestibles
 a - 3 bread rations
 p - 2 meat rations
 w - 7 fruits
 A - a beef jerky
 E - 2 royal jellies
 H - a slice of pizza


   Skills:
 - Level 1.0 Fighting
 - Level 2.0 Dodging
 - Level 3.0 Unarmed Combat
 - Level 2.0 Spellcasting
 + Level 6.0 Transmutations
 * Level 5.1 Ice Magic
 - Level 3.3 Poison Magic


You had 2 spell levels left.
You knew the following spells:

 Your Spells              Type           Power        Failure   Level  Hunger
a - Beastly Appendage     Trmt           ###...       1%          1    #......
b - Spider Form           Trmt/Pois      ###.......   10%         3    ###....
c - Ice Form              Ice/Trmt       ###.....     21%         4    #####..


Dungeon Overview and Level Annotations

Branches:
Dungeon (5/15)
 Temple: D:4-7

Altars:
Nemelex Xobeh

Annotations:
D:4 Blork the orc


Innate Abilities, Weirdness & Mutations

You cannot wear most types of armour.
You are amphibious.
You can wear up to eight rings at the same time.
((You can use your tentacles to constrict many enemies at once.))
((Your skin changes colour to match your surroundings (Stealth).))
((Your rubbery body absorbs attacks (AC +1).))


Message History

e - 156 stones (gained 1)
Casting: Spider Form
Confirm with . or Enter, or press ? or * to list all spells.
You turn into a creature of crystalline ice.
Your +1 dagger of venom melds into your body.
Your +1 dagger of venom stops dripping with poison.
An ooze comes into view.
The ogre shouts!
The ooze quivers.
You hit the ogre! You freeze the ogre.
The ogre is moderately wounded.
The ogre hits you with a giant club!! The ooze hits you but does no damage.
You punch the ogre! You freeze the ogre.
The ogre is almost dead.
The ogre closely misses you. The ooze misses you.
You hit the ogre but do no damage.
The ogre is almost dead.
The ogre hits you with a giant club!!
Ouch! That really hurt!
You die...

# # # ###.. ### # ##... #.#
# #.... ._. ####
#...####.#### ...#
#..##..#'#..## # ...#
#..#...O.J...#.# (..# #..##
##Y## #.#
.).######...###.#.###..#
..........#.....#.....#
....##########.###...######
)..........................
...........................
....############.....#####
....# ####### ....#


You could see an ogre and an ooze.

Vanquished Creatures
  An ogre (D:4)
  5 big kobolds (Sewer)
  A hound (D:4)
  Ijyb (D:2)
  Robin (D:4)
  4 gnolls (D:5)
  5 adders
  2 river rats (Sewer)
  A giant mite (D:3)
  7 worms
  4 giant geckos
  6 oozes
  5 orcs
  4 ball pythons
  10 bats
  10 hobgoblins
  8 jackals
  2 quokkas
  5 giant cockroaches
  2 giant newts (D:1)
  15 goblins
  20 kobolds
  17 rats
136 creatures vanquished.

Notes
Turn   | Place    | Note
--------------------------------------------------------------
     0 | D:1      | hulla, the Octopode Transmuter, began the quest for the Orb.
     0 | D:1      | Reached XP level 1. HP: 13/13 MP: 3/3
   354 | D:1      | Reached XP level 2. HP: 18/18 MP: 2/4
   727 | D:1      | Found a sparkling altar of Nemelex Xobeh.
  1274 | D:1      | Reached XP level 3. HP: 23/23 MP: 4/6
  1279 | D:1      | Learned a level 3 spell: Spider Form
  1609 | D:2      | Reached skill level 1 in Poison Magic
  1658 | D:2      | Noticed Ijyb
  1667 | D:2      | Killed Ijyb
  1904 | D:2      | Reached XP level 4. HP: 28/28 MP: 7/7
  2392 | D:3      | Found a glowing drain.
  2403 | Sewer    | Entered a sewer
  2452 | Sewer    | Noticed a big kobold
  2461 | Sewer    | Reached skill level 4 in Transmutations
  2515 | Sewer    | Reached XP level 5. HP: 18/33 MP: 3/9
  2548 | Sewer    | Learned a level 4 spell: Ice Form
  2564 | Sewer    | Noticed a big kobold
  2578 | Sewer    | Killed a big kobold
  2578 | Sewer    | Reached skill level 1 in Ice Magic
  2610 | Sewer    | Noticed a big kobold
  2699 | Sewer    | Killed a big kobold
  2699 | Sewer    | Reached XP level 6. HP: 24/38 MP: 4/10
  2751 | Sewer    | Noticed a big kobold
  2761 | Sewer    | Killed a big kobold
  2761 | Sewer    | Reached skill level 5 in Transmutations
  3022 | Sewer    | Noticed a big kobold
  3033 | Sewer    | Killed a big kobold
  3033 | Sewer    | Reached XP level 7. HP: 43/43 MP: 12/12
  3180 | Sewer    | Killed a big kobold
  4488 | D:4      | Noticed Robin
  4494 | D:4      | Killed Robin
  4564 | D:4      | Noticed Blork the orc
  5091 | D:5      | Entered Level 5 of the Dungeon
  5151 | D:5      | Reached skill level 5 in Ice Magic
  5188 | D:5      | Found a sparkling altar of Nemelex Xobeh.
  5375 | D:5      | Reached skill level 6 in Transmutations
  5715 | D:5      | Slain by an ogre

Action                   |  1- 3 |  4- 6 |  7- 9 || total
-------------------------+-------+-------+-------++-------
Melee: Unarmed           |    25 |    42 |    27 ||    94
       Dagger            |    51 |    28 |    39 ||   118
       Spear             |       |    14 |       ||    14
       Whip              |       |    19 |    45 ||    64
 Fire: Hand crossbow     |       |    22 |       ||    22
       Blowgun           |       |     6 |     6 ||    12
       Hunting sling     |       |       |     7 ||     7
Throw: Stone             |    58 |    21 |    73 ||   152
 Cast: Beastly Appendage |     9 |     3 |     3 ||    15
       Spider Form       |     1 |     7 |     4 ||    12
       Ice Form          |       |       |     1 ||     1
  Use: Scroll            |       |     3 |     3 ||     6
 Stab: Sleeping          |     4 |     5 |     3 ||    12
  Eat: Chunk             |     3 |     5 |     9 ||    17
